 Dungeon Crawl Stone Soup version 0.27-a0-1147-gb3d8e82157 (webtiles) character file.

Game seed: 1983405827893595826

2195 Feb132020 the Spear-Bearer (level 9, 1/64 HPs)
             Began as a Merfolk Venom Mage on May 12, 2021.
             Was an Initiate of Nemelex Xobeh.
             Quit the game on level 6 of the Dungeon.
             The game lasted 00:47:15 (10334 turns).

Feb132020 the Spear-Bearer (Merfolk Venom Mage)    Turns: 10334, Time: 00:47:16

Health: 1/64       AC:  5    Str:  6 (9)  XL:     9   Next: 34%
Magic:  16/16      EV: 13    Int: 13 (16) God:    Nemelex Xobeh [......]
Gold:   505        SH:  0    Dex: 12 (15) Spells: 11/17 levels left

rFire    . . .     SeeInvis .   u - +0 scythe
rCold    . . .     Faith    .   (shield currently unavailable)
rNeg     . . .     Spirit   .   a - +0 robe
rPois    .         Reflect  .   l - +1 helmet
rElec    .         Harm     .   q - scarf {repulsion}
rCorr    .         Rampage  .   t - +0 pair of gloves
Will     .....                  (no boots)
Stlth    ++........             (no amulet)
HPRegen  0.20/turn              (no ring)
MPRegen  0.15/turn              (no ring)

@: lethally poisoned (1 -> -3), attractive, hasted, repel missiles, very quick
A: (nimble swimmer 2), mertail, mutation resistance 1
a: Renounce Religion, Draw Escape, Draw Destruction, Draw Summoning


You were on level 6 of the Dungeon.
You worshipped Nemelex Xobeh.
Nemelex Xobeh was noncommittal.
You visited 2 branches of the dungeon, and saw 7 of its levels.
You also visited: Ossuary.

You collected 571 gold pieces.
You spent 66 gold pieces at shops.

Inventory:

Hand Weapons
 j - a +0 spear
 u - a +0 scythe (weapon)
Armour
 a - a +0 robe (worn)
 l - a +1 helmet (worn)
 q - a scarf of repulsion (worn)
 t - a +0 pair of gloves (worn)
Wands
 g - a wand of polymorph (15)
 i - a wand of flame (15)
 y - a wand of digging (2)
Scrolls
 b - a scroll of immolation
 c - a scroll of silence
 m - a scroll of enchant armour
 p - a scroll of vulnerability {unknown}
 v - a scroll of holy word {unknown}
 w - a scroll of torment {unknown}
Potions
 s - 2 potions of flight


   Skills:
 + Level 3.6 Fighting
 + Level 8.7 Polearms
 + Level 5.4 Dodging
 + Level 4.0 Stealth
 + Level 4.8 Spellcasting
 + Level 0.5 Conjurations
 + Level 4.3 Transmutations
 + Level 2.4 Air Magic
 + Level 6.6 Poison Magic


You had 11 spell levels left.
You knew the following spells:

 Your Spells              Type           Power      Damage    Failure   Level
a - Sting                 Tmut/Pois      68%        1d6       1%          1
b - Poisonous Vapours     Pois/Air       28%        N/A       4%          2
c - Mephitic Cloud        Conj/Pois/Air  11%        N/A       16%         3

Your spell library contained the following spells:

 Spells                   Type           Power      Damage    Failure   Level
 Ignite Poison            Fire/Tmut/Pois 12%        N/A       13%         3
 Olgreb's Toxic Radiance  Pois           20%        N/A       13%         4
 Corona                   Hex            3%         N/A       19%         1
 Ensorcelled Hibernation  Hex/Ice        6%         N/A       28%         2
 Dazzling Flash           Conj/Hex       6%         N/A       45%         3
 Confusing Touch          Hex            3%         N/A       50%         3
 Tukima's Dance           Hex            3%         N/A       50%         3
 Alistair's Intoxication  Tmut/Pois      11%        N/A       50%         5
 Eringya's Noxious Bog    Tmut/Pois      8%         N/A       97%         6


Dungeon Overview and Level Annotations

Branches:
Dungeon (6/15)             Temple (1/1) D:6         Ossuary (visited)

Altars:
Ashenzari
Cheibriados
Dithmenos
Elyvilon
Gozag
Hepliaklqana
Makhleb
Nemelex Xobeh
Ru
Sif Muna
Trog
Uskayaw
Vehumet
Xom
Zin
The Shining One

Shops:
D:2 *

Annotations:
D:6 exclusion: phantom


Innate Abilities, Weirdness & Mutations

((You are quick and stealthy near water. (Stealth+, EV+, Speed+++)))
Your lower body shifts to a powerful aquatic tail in water.
You are somewhat resistant to further mutation.


Message History

Your adder misses the water moccasin. The water moccasin bites your adder.
Unknown command.
You catch the helpless water moccasin completely off-guard!
You hit the water moccasin but do no damage.
The water moccasin is almost dead.
Your adder completely misses the water moccasin.
The water moccasin barely misses you.
Your iguana closely misses the water moccasin.
The water moccasin bites you.
* * * LOW HITPOINT WARNING * * *
You are poisoned.
The water moccasin poisons you!
Your adder misses the water moccasin.
Your iguana barely misses the water moccasin.
You hit the water moccasin.
The water moccasin is almost dead.
* * * LOW HITPOINT WARNING * * *
You feel very sick. The water moccasin barely misses you.
Your adder misses the water moccasin.
Your iguana completely misses the water moccasin.
The water moccasin bites you.
* * * LOW HITPOINT WARNING * * *
Your adder bites the water moccasin.
It was a potion of degeneration.
There was something very wrong with that liquid.
You feel weakened.
You feel dopey.
You feel clumsy.
* * * LOW HITPOINT WARNING * * *
You feel sick.
Your iguana bites the water moccasin!
The water moccasin dies!
Your Stealth skill increases to level 4!
It was a potion of attraction.
You feel attractive to monsters.
* * * LOW HITPOINT WARNING * * *
You feel sick.
It was a potion of haste.
You feel yourself speed up.
* * * LOW HITPOINT WARNING * * *
You feel sick.
It was a potion of magic.
Magic courses through your body.
* * * LOW HITPOINT WARNING * * *
You feel sick.
Are you sure you want to abandon this character and quit the game? (Confirm with "yes".)

#.##....##.#
########.##.##.##.#
#.........#.##.##.########
#.######.................#
#.............###.#
###.######....##.##.##.# #.#
W....?...............#.# #.#
.#########.##.##§##..#.###.####
#....§@§§............##
####§Sl####.#.......... ###§#
#.#####.##.#. #§# #.# #.##.#.
#.....§.# #.# #[..... #.......#
#.# ####... #.......# ...
#####... #........ #. ..##...
#.......#. #.##.^.


You could see a friendly iguana (summoned) and a friendly adder (summoned).

Vanquished Creatures
  Pikel (D:6)
  Sigmund (D:3)
  A black bear (D:4)
  2 ogres (D:5)
  A centaur (D:3)
  A lemure (D:6)
  2 gnoll sergeants
  2 scorpions
  2 water moccasin skeletons (D:5)
  2 howler monkeys
  3 orc priests
  A centaur skeleton (D:5)
  A hound (D:6)
  A gnoll shaman (D:3)
  3 iguanas
  4 orc wizards
  2 hound skeletons
  A mummy (D:4)
  16 gnolls
  9 adders
  An adder skeleton (D:4)
  A worm (D:2)
  5 dart slugs
  16 orcs
  8 ball pythons
  6 bats
  7 endoplasms
  4 giant cockroaches
  5 goblins
  6 hobgoblins
  7 jackals
  2 quokkas (D:1)
  4 frilled lizards
  7 kobolds
  3 orc zombies (Ossuary)
  4 rats
142 creatures vanquished.

Vanquished Creatures (collateral kills)
  A water moccasin (D:6)
1 creature vanquished.

Vanquished Creatures (others)
  A plant (D:6)
1 creature vanquished.

Grand Total: 144 creatures vanquished

Notes
Turn   | Place    | Note
-------+----------+-------------------------------------------
     0 | D:1      | Feb132020 the Merfolk Venom Mage began the quest for the
                  | Orb.
     0 | D:1      | Reached XP level 1. HP: 13/13 MP: 3/3
   305 | D:1      | Reached XP level 2. HP: 19/19 MP: 0/5
   553 | D:1      | Identified the Disquisition on Envenoming
   693 | D:1      | Learned a level 2 spell: Poisonous Vapours
   853 | D:1      | Reached XP level 3. HP: 24/24 MP: 4/6
  1583 | D:2      | Reached XP level 4. HP: 30/30 MP: 3/7
  1587 | D:2      | Learned a level 3 spell: Mephitic Cloud
  2231 | D:2      | Found Fol Zuzy's Assorted Antiques.
  2232 | D:2      | Found a faded altar of an unknown god.
  2248 | D:2      | Reached skill level 1 in Polearms
  2395 | D:2      | You fall into a shaft and drop 2 floors!
  2519 | D:4      | Found a hide-covered altar of Uskayaw.
  2562 | D:4      | Reached XP level 5. HP: 35/35 MP: 5/9
  2594 | D:4      | Identified a scroll of acquirement
  2594 | D:4      | Acquired 236 gold pieces
  2684 | D:4      | Found a sand-covered staircase.
  2692 | Ossuary  | Entered an ossuary
  2921 | D:4      | Reached skill level 2 in Polearms
  2983 | D:3      | Found a white marble altar of Elyvilon.
  2986 | D:3      | Noticed Sigmund
  3238 | D:2      | Bought a scroll labelled TAARUGUKKI for 22 gold pieces
  3238 | D:2      | Bought a scroll labelled DUELLO DUMM for 22 gold pieces
  3238 | D:2      | Bought a scroll labelled METTUIBOMUH for 22 gold pieces
  3930 | D:2      | Reached XP level 6. HP: 22/42 MP: 8/10
  4107 | D:3      | Reached skill level 3 in Polearms
  4113 | D:3      | Reached skill level 1 in Fighting
  5118 | D:3      | Found a sparkling altar of Nemelex Xobeh.
  5269 | D:3      | Reached skill level 1 in Air Magic
  5435 | D:3      | Killed Sigmund
  5436 | D:3      | Reached skill level 4 in Polearms
  5436 | D:3      | Reached XP level 7. HP: 48/48 MP: 0/12
  5553 | D:3      | Reached skill level 5 in Poison Magic
  5755 | D:3      | Found a white marble altar of Elyvilon.
  6368 | D:3      | Found a sparkling altar of Nemelex Xobeh.
  6598 | D:3      | Became a worshipper of Nemelex Xobeh the Trickster
  7089 | D:4      | Found a hazy altar of Hepliaklqana.
  7097 | D:4      | Found a radiant altar of Vehumet.
  7101 | D:4      | Found a shimmering blue altar of Sif Muna.
  7260 | D:5      | Entered Level 5 of the Dungeon
  7272 | D:5      | Reached skill level 5 in Polearms
  7682 | D:5      | Reached XP level 8. HP: 46/57 MP: 13/13
  7820 | D:5      | Reached skill level 6 in Polearms
  8276 | D:5      | Reached skill level 7 in Polearms
  8910 | D:5      | Reached skill level 5 in Dodging
  9241 | D:6      | Reached skill level 8 in Polearms
  9581 | D:6      | Found a staircase to the Ecumenical Temple.
  9591 | Temple   | Entered the Ecumenical Temple
  9971 | D:6      | Noticed Pikel
  9991 | D:6      | Killed Pikel
  9992 | D:6      | Reached XP level 9. HP: 58/64 MP: 8/16
 10319 | D:6      | Gained mutation: You are weak. (Str -2) [potion of
                  | mutation]
 10319 | D:6      | Lost mutation: You are weak. (Str -2) [potion of mutation]
 10319 | D:6      | Gained mutation: You are somewhat resistant to further
                  | mutation. [potion of mutation]
 10331 | D:6      | HP: 2/64 [poisoned by a water moccasin]
 10334 | D:6      | Quit the game

Illustrated notes

Levels and vault maps discovered:
D:1:      dpeg_arrival_rhombi, layout_basic, chequers_serial_rivers_marsh,
          minmay_crystal_room
D:2:      layout_loops_cross, hellmonk_ecumenical_altar_heavens_door,
          serial_shops, shop_statue, minmay_3d_cube
D:3:      layout_basic, nemelex_dance_club_becter, elyvilon_altar_5,
          minmay_parallelograms, minmay_fountain_box, minmay_misc_feat_chi,
          minmay_unequal, uniq_sigmund
D:4:      layout_loops_corners, nicolae_uskayaw_murder_on_the_dancefloor,
          grunt_temple_overflow_diamond, chequers_ossuary_entry_cave
D:5:      layout_rooms, st_stairs_2, minmay_misc_feat_plants, kennysheep_doodads
D:6:      layout_loops_ring, minmay_temple_entry_trees, serial_bayou_pond_d,
          uniq_pikel
Temple:   jpeg_temple_alley_garden

Skill      XL: |  1  2  3  4  5  6  7  8  9 |
---------------+----------------------------+-----
Dodging        | 3 4 5 |  5.4
Transmutations | 2 3 4 |  4.3
Poison Magic   | 4 5 6 |  6.6
Polearms       | 1 2 4 5 8 |  8.7
Spellcasting   | 3 4 |  4.8
Fighting       | 1 2 3 |  3.6
Air Magic      | 1 2 |  2.4
Stealth        | 3 4 |  4.0
Conjurations   | |  0.5

Action                   |  1- 3 |  4- 6 |  7- 9 || total
-------------------------+-------+-------+-------++-------
Melee: Unarmed           |     8 |       |       ||     8
       Spear             |     8 |   256 |       ||   264
       Scythe            |       |       |   169 ||   169
 Cast: Sting             |    53 |    30 |    19 ||   102
       Poisonous Vapours |       |    17 |    33 ||    50
       Mephitic Cloud    |       |     2 |     4 ||     6
  Use: Scroll            |       |     7 |     7 ||    14
       Potion            |       |     1 |     8 ||     9
 Stab: Sleeping          |       |     5 |     3 ||     8
       Distracted        |       |     1 |     2 ||     3
       Confused          |       |     2 |     1 ||     3
Armor: Robe              |     5 |    52 |    52 ||   109
Dodge: Dodged            |    32 |   167 |   172 ||   371
       Repelled          |       |       |     1 ||     1

Table legend: (Time is in decaauts)
 A = Elapsed time spent in this place.
 B = Non-inter-level travel time spent in this place.
 C = Inter-level travel time spent in this place.
 D = Time resting spent in this place.
 E = Time spent auto-exploring this place.
 F = Levels seen in this place.
 G = Mean time per level.
                   A        B        C        D        E       F      G
               +--------+--------+--------+--------+--------+-----+--------+
         Total |  10449 |   9876 |    573 |    654 |   7240 |   8 | 1306.1 |
       Dungeon |  10187 |   9671 |    516 |    654 |   7061 |   6 | 1697.8 |
        Temple |    234 |    178 |     56 |      0 |    178 |   1 |  234.0 |
       Ossuary |     27 |     27 |      0 |      0 |      1 |   1 |   27.0 |
               +--------+--------+--------+--------+--------+-----+--------+

Top non-repeatable levels by time:
     D:3: 3471 daAuts
     D:4: 1917 daAuts
     D:2: 1402 daAuts
     D:1: 1267 daAuts
     D:5: 1180 daAuts
     D:6: 948 daAuts
  Temple: 234 daAuts
 Ossuary: 27 daAuts
